 Dungeon Crawl Stone Soup version 0.22.0-38-g04b72b8 (webtiles) character file.

2122 HarryHood the Basher (level 9, -9/83 HPs)
             Began as a Minotaur Berserker on Aug 28, 2018.
             Was a Priest of Trog.
             Mangled by an ogre
             ... wielding a cursed +0 giant club
              (24 damage)
             ... on level 7 of the Dungeon on Aug 29, 2018.
             The game lasted 00:27:07 (6423 turns).

HarryHood the Basher (Minotaur Berserker)           Turns: 6423, Time: 00:27:08

Health: -9/83      AC: 16    Str: 29    XL:     9   Next: 8%
Magic:  8/8        EV:  6    Int:  5    God:    Trog [***...]
Gold:   50         SH: 14    Dex: 10    Spells: 8/8 levels left

rFire    . . .     SeeInvis .   a - +0 flail
rCold    . . .     Gourm    .   l - +0 shield
rNeg     . . .     Faith    .   v - +0 plate armour
rPois    .         Spirit   .   (helmet restricted)
rElec    .         Reflect  +   f - +1 cloak
rCorr    .         Harm     .   u - +0 pair of gloves
MR       .....                  (no boots)
Stlth    ..........             o - +4 amulet of reflection
HPRegen  0.23/turn              (no ring)
MPRegen  0.11/turn              (no ring)

@: mighty
A: retaliatory headbutt, horns 2
a: Berserk, Trog's Hand, Renounce Religion


You were on level 7 of the Dungeon.
You worshipped Trog.
Trog was most pleased with you.
You were not hungry.

You visited 1 branch of the dungeon, and saw 7 of its levels.

You collected 320 gold pieces.
You spent 270 gold pieces at shops.

Inventory:

Hand Weapons
 a - a +0 flail (weapon)
 b - a +0 hunting sling
Missiles
 e - 299 stones (quivered)
Armour
 f - a +1 cloak (worn)
 j - a scarf of cloud immunity
 l - a +0 shield (worn)
 u - a +0 pair of gloves (worn)
 v - a +0 plate armour (worn)
Jewellery
 o - a +4 amulet of reflection (around neck)
Scrolls
 g - 6 scrolls of teleportation {@r0}
 i - a scroll of fog
 n - a scroll of remove curse {@r1}
 r - a scroll of identify
Potions
 d - a potion of agility
 h - a potion of mutation {!q}
 m - a potion of ambrosia
 p - a potion of lignification {!q}
 q - 3 potions of curing {@q2}
Comestibles
 c - 17 rations {@e1}
 k - 10 chunks of flesh


   Skills:
 - Level 9.0 Fighting
 * Level 9.9 Maces & Flails
 - Level 6.0 Armour
 + Level 2.8 Dodging
 - Level 4.0 Shields


You had 8 spell levels left.
You didn't know any spells.
Your spell library was empty.

Dungeon Overview and Level Annotations

Branches:
Dungeon (7/15)             Temple (0/1) D:7

Altars:
Fedhas
Hepliaklqana
Ru
Trog
Wu Jian
Zin
The Shining One

Shops:
D:5 =


Innate Abilities, Weirdness & Mutations

You reflexively headbutt those who attack you in melee.
You have a pair of horns on your head.


Message History

You feel very mighty all of a sudden. You block the orc wizard's attack.
You bludgeon the orc wizard!!
You kill the orc wizard!
Trog accepts your kill.
Trog appreciates your killing of a magic user.
You sock the howler monkey! You headbutt the howler monkey.
You kill the howler monkey!
Trog accepts your kill.
The howler monkey hoots and howls with incredible vigour!
You hear a shout!
You hear a screech!
You barely miss the ogre. You headbutt the ogre!
You hear a shout!
The howler monkey hoots and howls with incredible vigour!
You block the ogre's attack.
You hear a screech!
You sock the ogre!
The howler monkey hoots and howls with incredible vigour!
The ogre hits you with a giant club!!
You die...

### #<# ...### #.######
..... ####### #......#
o..O ......###.####.#
...### ▓......##.####.#
o....#. .▓▓....#####...#
.......
▓..▓...#####>..####h......
.▓..▓.).).....).@Ooh......
▓.▓.▓)##..÷....########...
.▓.▓.▓##.......#
.▓.▓.▓##.......#
.▓.▓.▓.......###
▓.▓.▓..####### .▓..▓..#
▓..▓...# .▓▓....#


You could see an orc warrior, an ogre and 2 howler monkeys.

Vanquished Creatures
  Menkaure (D:5)
  3 sky beasts (D:6)
  An orc warrior (D:6)
  4 ice beasts
  An ogre (D:4)
  A centaur (D:5)
  A bullfrog (D:7)
  A scorpion (D:4)
  A howler monkey (D:7)
  2 crimson imps
  A bullfrog zombie (D:5)
  A jelly (D:6)
  A hound (D:4)
  4 orc priests
  8 orc wizards
  2 iguanas (D:5)
  5 worker ants
  A worker ant zombie (D:7)
  3 gnolls (D:4)
  10 adders
  2 shadow imps
  An ooze (D:2)
  An adder skeleton (D:4)
  5 worms
  2 dart slugs
  4 leopard geckos
  29 orcs
  5 giant cockroaches
  6 hobgoblins
  3 jackals (D:5)
  3 kobolds
  2 quokkas
  8 bats
  3 frilled lizards
  9 goblins
  2 leopard gecko skeletons (D:5)
  A quokka skeleton (D:5)
  7 rats
145 creatures vanquished.

Notes
Turn   | Place    | Note
-------+----------+-------------------------------------------
     0 | D:1      | HarryHood the Minotaur Berserker began the quest for the Orb.
     0 | D:1      | Reached XP level 1. HP: 19/19 MP: 0/0
   150 | D:1      | Reached skill level 4 in Maces & Flails
   241 | D:1      | Reached XP level 2. HP: 22/26 MP: 1/1
   933 | D:2      | Reached skill level 5 in Maces & Flails
  1241 | D:2      | Reached XP level 3. HP: 23/31 MP: 2/2
  1619 | D:2      | Found a glowing golden altar of the Shining One.
  1624 | D:2      | Found a bloodstained altar of Trog.
  1627 | D:2      | Found a sacrificial altar of Ru.
  1820 | D:2      | Found a glowing silver altar of Zin.
  1821 | D:2      | Found an ornate altar of the Wu Jian Council.
  1893 | D:2      | Found a hazy altar of Hepliaklqana.
  1992 | D:2      | Reached ** piety under Trog
  2129 | D:3      | Reached skill level 6 in Maces & Flails
  2129 | D:3      | Reached XP level 4. HP: 39/39 MP: 3/3
  2190 | D:3      | Reached skill level 4 in Fighting
  2627 | D:3      | Found a blossoming altar of Fedhas.
  3313 | D:4      | Reached skill level 5 in Fighting
  3433 | D:4      | Reached XP level 5. HP: 42/48 MP: 4/4
  3652 | D:4      | Reached skill level 6 in Fighting
  3771 | D:4      | Reached skill level 1 in Shields
  3771 | D:4      | Reached XP level 6. HP: 51/57 MP: 5/5
  3923 | D:4      | Reached skill level 2 in Shields
  3933 | D:4      | Reached skill level 7 in Maces & Flails
  4250 | D:4      | Reached skill level 3 in Shields
  4250 | D:4      | Reached XP level 7. HP: 12/63 MP: 6/6
  5015 | D:5      | Entered Level 5 of the Dungeon
  5024 | D:5      | Reached skill level 8 in Maces & Flails
  5047 | D:5      | Noticed Menkaure
  5054 | D:5      | Killed Menkaure
  5058 | D:5      | Reached skill level 4 in Shields
  5187 | D:5      | Found Xaolaxul's Jewellery Boutique.
  5199 | D:5      | Reached skill level 9 in Maces & Flails
  5199 | D:5      | Reached skill level 3 in Armour
  5310 | D:5      | Bought a +4 amulet of reflection for 270 gold pieces
  5444 | D:5      | Reached XP level 8. HP: 71/71 MP: 7/7
  5738 | D:6      | Reached skill level 7 in Fighting
  5738 | D:6      | Reached skill level 4 in Armour
  5741 | D:6      | Reached *** piety under Trog
  5813 | D:6      | Reached skill level 8 in Fighting
  5922 | D:6      | Reached skill level 5 in Armour
  6004 | D:6      | Reached skill level 9 in Fighting
  6027 | D:6      | Found a blossoming altar of Fedhas.
  6294 | D:7      | Reached skill level 6 in Armour
  6311 | D:7      | Reached XP level 9. HP: 54/83 MP: 8/8
  6319 | D:7      | Found a staircase to the Ecumenical Temple.
  6390 | D:7      | HP: 7/83 [orc priest/nerve-wracking pain (11)]
  6423 | D:7      | Mangled by an ogre

Skill      XL: |  1  2  3  4  5  6  7  8 |
---------------+-------------------------+-----
Maces & Flails | 4 5 6 7 9 |  9.9
Fighting       | 5 6 9 |  9.0
Shields        | 1 3 4 |  4.0
Armour         | 3 6 |  6.0
Dodging        | |  2.8

Action                   |  1- 3 |  4- 6 |  7- 9 || total
-------------------------+-------+-------+-------++-------
Melee: Mace              |    71 |    19 |       ||    90
       Headbutt          |    12 |    21 |    49 ||    82
       Flail             |       |   151 |   243 ||   394
Invok: Berserk           |       |     1 |     1 ||     2
  Use: Scroll            |     6 |     1 |    12 ||    19
       Potion            |       |       |     1 ||     1
  Eat: Chunk             |     4 |     8 |     8 ||    20
Armor: Animal skin       |    19 |       |       ||    19
       Ring mail         |     6 |    45 |       ||    51
       Chain mail        |       |    46 |    58 ||   104
       Plate armour      |       |       |    21 ||    21
Dodge: Dodged            |    35 |    60 |    39 ||   134
Block: Shield            |       |    31 |   107 ||   138
       Reflection        |       |       |     1 ||     1
